Falcons vs Senators

Created - Thursday, January 29, 2015 at 00:21

Goals
1 2 3 T
Falcons 0 1 1 2
Senators 0 1 0 1
Shots
1 2 3 T
Falcons 8 9 4 21
Senators 5 4 10 19

1st period

No Goal

Penalties :
Mike Brown (BIN) for Fighting (Major) at 0:15, Chris Thorburn (SPR) for Fighting (Major) at 0:15, Mike Brown (BIN) for instigated a fight (Minor) at 0:15, Mike Brown (BIN) for instigated a fight (10 Minutes Misconduct) at 0:15, Adam Pardy (SPR) for Hooking (Minor) at 8:15, Josh Leivo (BIN) for Hooking (Minor) at 15:09, Brian Dumoulin (SPR) for Interference (Minor) at 17:42, Mitch Callahan (SPR) for Boarding (Minor) at 19:59

2nd period

1. Senators , Kyle Chipchura 4 (Mike Brown) at 6:43
2. Falcons , Cal O'Reilly 3 (Mitch Callahan, Quinton Howden) at 11:45

Penalties :
Emerson Etem (BIN) for Hooking (Minor) at 15:00, Mitch Callahan (SPR) for Cross-checking (Minor) at 18:38

3rd period

3. Falcons , Radek Martinek 4 (Jeff Taffe, Austin Watson) at 8:46 (PP)

Penalties :
Carl Klingberg (SPR) for Interference (Minor) at 5:05, David Broll (BIN) for Fighting (Major) at 7:23, Joonas Jarvinen (SPR) for Fighting (Major) at 7:23, Andrew MacWilliam (BIN) for Holding Stick (Minor) at 7:32, Colton Orr (BIN) for Roughing (Minor) at 18:06

Goalie Stats

Troy Grosenick (SPR), 18 saves from 19 shots - (0.947), W, 27-22-5, 60:00 minutes
Jean-Francois Berube (BIN), 19 saves from 21 shots - (0.905), L, 28-12-8, 60:00 minutes

Players Stats for Falcons

Player Name              G  A  P  +/- PIM S  H  SB GA TA FO     MP     PP MP  PK MP  
------------------------------------------------------------------------------------
Adam Pardy               0  0  0   0  2   1  1  0  1  0  0/0    21:03   5:01   0:00 
Austin Watson            0  1  1  -1  0   0  3  0  1  2  0/0    20:00   4:33   6:38 
Brian Connelly           0  0  0   0  0   0  0  0  0  0  0/0     1:26   0:00   0:00 
Brian Dumoulin           0  0  0   0  2   2  1  1  0  0  0/0    24:02   4:02   2:58 
Cal O'Reilly             1  0  1   1  0   2  1  0  4  0  2/5    15:37   4:31   0:00 
Carl Klingberg           0  0  0   0  2   1  1  2  3  3  2/2    14:54   0:00   1:54 
Chad Ruhwedel            0  0  0   0  0   1  1  3  0  0  0/0    29:18   4:21   6:57 
Chris Thorburn           0  0  0  -1  5   1  2  0  2  0  0/0    15:42   3:28   3:17 
Jeff Hoggan              0  0  0   0  0   1  2  1  1  1  0/0    13:16   0:28   0:00 
Jeff Taffe               0  1  1   0  0   4  2  0  0  0  7/15   23:02   4:00   5:33 
Joonas Jarvinen          0  0  0   0  5   1  0  0  0  0  0/0    19:47   0:42   6:57 
Jordan Weal              0  0  0   0  0   2  1  0  3  1  3/8    15:39   1:10   0:00 
Matt Ellis               0  0  0   0  0   0  2  0  2  0  2/3     7:17   0:00   0:00 
Mitch Callahan           0  1  1   1  4   2  0  1  0  0  0/0    17:21   4:31   0:00 
Nick Shore               0  0  0   0  0   0  0  0  0  0  0/0     0:00   0:00   0:00 
Philip Varone            0  0  0  -1  0   2  0  0  0  0  0/0     8:02   0:00   0:00 
Quinton Howden           0  1  1   1  0   0  6  1  2  2  0/0    19:06   4:31   2:28 
Radek Martinek           1  0  1   0  0   1  0  0  1  1  0/0    24:26   4:02   2:58 

Players Stats for Senators

Player Name              G  A  P  +/- PIM S  H  SB GA TA FO     MP     PP MP  PK MP  
------------------------------------------------------------------------------------
Andrew MacWilliam        0  0  0   1  2   1  0  2  0  0  0/0    15:20   0:42   0:00 
Colton Orr               0  0  0   0  2   4  4  0  2  0  0/1    16:45   3:57   1:16 
Daine Todd               0  0  0   0  0   2  2  0  2  1  4/7    15:40   1:45   0:00 
David Broll              0  0  0   0  5   0  1  0  1  0  1/2    15:28   0:00   2:30 
Emerson Etem             0  0  0   0  2   0  1  1  1  0  0/1    16:16   5:54   0:00 
Evan Trupp               0  0  0   0  0   0  0  0  2  1  0/0     5:46   0:00   0:00 
Greg Nemisz              0  0  0   0  0   4  2  0  2  1  0/0    14:28   0:28   0:00 
Greg Pateryn             0  0  0  -1  0   0  0  0  0  1  0/0    25:11   4:35   2:53 
Jesse Blacker            0  0  0  -1  0   1  2  0  0  2  0/0    25:00   4:35   2:53 
Joe Finley               0  0  0   0  0   0  0  0  0  0  0/0     0:27   0:00   0:00 
Josh Leivo               0  0  0   0  2   1  2  2  0  0  2/5    20:55   3:49   5:15 
Kenny Ryan               0  0  0   0  0   0  0  0  0  0  0/0     1:10   0:00   0:00 
Korbinian Holzer         0  0  0   0  0   0  3  3  1  0  0/0    26:43   5:20   6:11 
Kyle Chipchura           1  0  1   0  0   3  4  0  4  1  4/10   21:27   5:06   3:36 
Martin St. Pierre        0  0  0   0  0   2  5  0  0  0  4/5    17:09   4:01   1:04 
Mike Brown               0  1  1   0  17  0  0  1  2  0  0/0    12:24   4:45   1:01 
Steve Eminger            0  0  0   1  0   0  1  1  0  1  0/0    27:18   4:38   6:11 
Tyler Biggs              0  0  0   0  0   1  2  0  0  0  2/2    13:23   0:00   3:26 

3 Stars

1 - Quinton Howden (SPR)
2 - Kyle Chipchura (BIN)
3 - Troy Grosenick (SPR)

Power Play

Falcons - 1 on 5 Attempt(s) - 20.00%
Senators - 0 on 5 Attempt(s) - 0.00%

Penalty Kill

Falcons - 5 on 5 Attempt(s) - 100.00% - Score 0 goal in Penalty Kill
Senators - 4 on 5 Attempt(s) - 80.00% - Score 0 goal in Penalty Kill

Team Stat

Falcons - Hits : 23 - Faceoff Wins : 16 - Blocked Shots : 9 - Penalty Minutes : 20
Senators - Hits : 29 - Faceoff Wins : 17 - Blocked Shots : 10 - Penalty Minutes : 30

Official

Referees : Unknown
Linesman : Unknown

Game Notes

Mike Brown beats up Chris Thorburn at 0:15 of 1st period
David Broll beats up Joonas Jarvinen at 7:23 of 3rd period

Finance

Level 1 -- Attendance: 1519 (75.95%) -- Ticket Income $53,165
Level 2 -- Attendance: 712 (71.20%) -- Ticket Income $10,680
Total Attendance: 2231 (74.37%)
Total Ticket Income: $63,845
Other Income: $31,284
Total Income: $95,129

Falcons

5 vs 5 Forward 
   Center                   Left Wing                Right Wing               Time % Phy DF OF 
 1 Jeff Taffe               Chris Thorburn           Austin Watson            35     1   2  2  
 2 Cal O'Reilly             Quinton Howden           Mitch Callahan           30     1   2  2  
 3 Jordan Weal              Jeff Hoggan              Carl Klingberg           22     1   2  2  
 4 Matt Ellis               Philip Varone            Jeff Taffe               13     1   2  2  

5 vs 5 Defense 
   Defense                  Defense                                           Time % Phy DF OF 
 1 Adam Pardy               Chad Ruhwedel                                     35     1   2  2  
 2 Brian Dumoulin           Radek Martinek                                    30     1   2  2  
 3 Joonas Jarvinen          Chad Ruhwedel                                     22     1   2  2  
 4 Radek Martinek           Chad Ruhwedel                                     13     1   2  2  

PowerPlay Forward 
   Center                   Left Wing                Right Wing               Time % Phy DF OF 
 1 Jeff Taffe               Chris Thorburn           Austin Watson            60     1   2  2  
 2 Cal O'Reilly             Quinton Howden           Mitch Callahan           40     1   2  2  

PowerPlay Defense
   Defense                  Defense                                           Time % Phy DF OF 
 1 Adam Pardy               Chad Ruhwedel                                     60     1   2  2  
 2 Brian Dumoulin           Radek Martinek                                    40     1   2  2  

Penalty Kill 4 Players Forward 
   Center                   Wing                     Time % Phy DF OF 
 1 Jeff Taffe               Austin Watson            60     1   2  2  
 2 Chris Thorburn           Quinton Howden           40     1   2  2  

Penalty Kill 4 Players Defense
   Defense                  Defense                  Time % Phy DF OF 
 1 Joonas Jarvinen          Chad Ruhwedel            60     1   2  2  
 2 Brian Dumoulin           Radek Martinek           40     1   2  2  

Penalty Kill - 3 Players Forward 
   Forward                                           Time % Phy DF OF 
 1 Jeff Taffe                                        60     1   2  2  
 2 Austin Watson                                     40     1   2  2  

Penalty Kill - 3 Players Defense
   Defense                  Defense                  Time % Phy DF OF 
 1 Joonas Jarvinen          Chad Ruhwedel            60     1   2  2  
 2 Brian Dumoulin           Radek Martinek           40     1   2  2  

4 vs 4 Forward 
   Center                   Wing                     Time % Phy DF OF 
 1 Jeff Taffe               Austin Watson            60     1   2  2  
 2 Chris Thorburn           Quinton Howden           40     1   2  2  

4 vs 4 Defense
   Defense                  Defense                  Time % Phy DF OF 
 1 Adam Pardy               Chad Ruhwedel            60     1   2  2  
 2 Brian Dumoulin           Radek Martinek           40     1   2  2  

Last Minutes Offensive
   Center                   Left Wing                Right Wing               Defense                  Defense                  
   Jeff Taffe               Chris Thorburn           Austin Watson            Adam Pardy               Chad Ruhwedel            

Last Minutes Defensive
   Center                   Left Wing                Right Wing               Defense                  Defense                  
   Jeff Taffe               Chris Thorburn           Austin Watson            Adam Pardy               Chad Ruhwedel            

Goaltenders
Starting : Troy Grosenick           
Backup : Matt Climie              

Extra Forwards
Normal : Jordan Weal, Jeff Hoggan, Carl Klingberg - PP : Jordan Weal, Jeff Hoggan - PK : Carl Klingberg
Extra Defensemen
Normal : Joonas Jarvinen, Chad Ruhwedel, Brian Dumoulin - PP : Joonas Jarvinen - PK : Chad Ruhwedel, Brian Dumoulin
Penalty Shots
Jeff Taffe, Austin Watson, Chris Thorburn, Quinton Howden, Cal O'Reilly

Senators

5 vs 5 Forward 
   Center                   Left Wing                Right Wing               Time % Phy DF OF 
 1 Kyle Chipchura           Emerson Etem             Mike Brown               35     1   2  2  
 2 Martin St. Pierre        Josh Leivo               Colton Orr               30     1   2  2  
 3 Daine Todd               David Broll              Greg Nemisz              22     1   2  2  
 4 Evan Trupp               Kyle Chipchura           Tyler Biggs              13     1   2  2  

5 vs 5 Defense 
   Defense                  Defense                                           Time % Phy DF OF 
 1 Steve Eminger            Korbinian Holzer                                  35     1   2  2  
 2 Greg Pateryn             Jesse Blacker                                     30     1   2  2  
 3 Andrew MacWilliam        Steve Eminger                                     22     1   2  2  
 4 Steve Eminger            Korbinian Holzer                                  13     1   2  2  

PowerPlay Forward 
   Center                   Left Wing                Right Wing               Time % Phy DF OF 
 1 Kyle Chipchura           Emerson Etem             Mike Brown               60     1   2  2  
 2 Martin St. Pierre        Josh Leivo               Colton Orr               40     1   2  2  

PowerPlay Defense
   Defense                  Defense                                           Time % Phy DF OF 
 1 Steve Eminger            Korbinian Holzer                                  60     1   2  2  
 2 Greg Pateryn             Jesse Blacker                                     40     1   2  2  

Penalty Kill 4 Players Forward 
   Center                   Wing                     Time % Phy DF OF 
 1 Josh Leivo               Kyle Chipchura           60     1   2  2  
 2 Mike Brown               Colton Orr               40     1   2  2  

Penalty Kill 4 Players Defense
   Defense                  Defense                  Time % Phy DF OF 
 1 Steve Eminger            Korbinian Holzer         60     1   2  2  
 2 Greg Pateryn             Jesse Blacker            40     1   2  2  

Penalty Kill - 3 Players Forward 
   Forward                                           Time % Phy DF OF 
 1 Mike Brown                                        60     1   2  2  
 2 Kyle Chipchura                                    40     1   2  2  

Penalty Kill - 3 Players Defense
   Defense                  Defense                  Time % Phy DF OF 
 1 Steve Eminger            Korbinian Holzer         60     1   2  2  
 2 Greg Pateryn             Jesse Blacker            40     1   2  2  

4 vs 4 Forward 
   Center                   Wing                     Time % Phy DF OF 
 1 Daine Todd               Kyle Chipchura           60     1   2  2  
 2 Mike Brown               Colton Orr               40     1   2  2  

4 vs 4 Defense
   Defense                  Defense                  Time % Phy DF OF 
 1 Steve Eminger            Korbinian Holzer         60     1   2  2  
 2 Greg Pateryn             Jesse Blacker            40     1   2  2  

Last Minutes Offensive
   Center                   Left Wing                Right Wing               Defense                  Defense                  
   Kyle Chipchura           Emerson Etem             Mike Brown               Steve Eminger            Korbinian Holzer         

Last Minutes Defensive
   Center                   Left Wing                Right Wing               Defense                  Defense                  
   Kyle Chipchura           Emerson Etem             Mike Brown               Steve Eminger            Korbinian Holzer         

Goaltenders
Starting : Jean-Francois Berube     
Backup : Cedrick Desjardins       

Extra Forwards
Normal : Daine Todd, Greg Nemisz, Tyler Biggs - PP : Daine Todd, Greg Nemisz - PK : Tyler Biggs
Extra Defensemen
Normal : Andrew MacWilliam, Steve Eminger, Greg Pateryn - PP : Andrew MacWilliam - PK : Steve Eminger, Greg Pateryn
Penalty Shots
Greg Nemisz, Kyle Chipchura, Mike Brown, Colton Orr, Josh Leivo

% Time on Ice - Falcons

Lines # - Real PCT - Wanted PCT - Time Play
Normal Forward
1 - 21% - 35% - 8:49
2 - 30% - 30% - 12:07
3 - 31% - 22% - 12:48
4 - 18% - 13% - 7:17
Normal Defense
1 - 33% - 35% - 13:22
2 - 41% - 30% - 16:37
3 - 25% - 22% - 10:13
4 - 2% - 13% - 0:49
PP Forward
1 - 50% - 60% - 4:33
2 - 50% - 40% - 4:31
PP Defense
1 - 56% - 60% - 5:02
2 - 44% - 40% - 4:02
PK Forward
1 - 75% - 60% - 7:27
2 - 25% - 40% - 2:28
PK Defense
1 - 70% - 60% - 6:57
2 - 30% - 40% - 2:58
PK3 Forward
1 - 0% - 60%
2 - 0% - 40%
PK3 Defense
1 - 0% - 60%
2 - 0% - 40%
44 Forward
1 - 0% - 60%
2 - 0% - 40%
44 Defense
1 - 0% - 60%
2 - 0% - 40%
Last Minute Offensive  - 0:00
Last Minute Defensive  - 0:00
Total
Forward - 60:00
Defense - 60:00

% Time on Ice - Senators

Lines # - Real PCT - Wanted PCT - Time Play
Normal Forward
1 - 26% - 35% - 10:32
2 - 28% - 30% - 11:24
3 - 32% - 22% - 13:19
4 - 14% - 13% - 5:46
Normal Defense
1 - 32% - 35% - 13:12
2 - 43% - 30% - 17:32
3 - 24% - 22% - 9:54
4 - 1% - 13% - 0:23
PP Forward
1 - 59% - 60% - 5:54
2 - 41% - 40% - 4:01
PP Defense
1 - 54% - 60% - 5:20
2 - 46% - 40% - 4:35
PK Forward
1 - 80% - 60% - 7:14
2 - 20% - 40% - 1:50
PK Defense
1 - 68% - 60% - 6:11
2 - 32% - 40% - 2:53
PK3 Forward
1 - 0% - 60%
2 - 0% - 40%
PK3 Defense
1 - 0% - 60%
2 - 0% - 40%
44 Forward
1 - 0% - 60%
2 - 0% - 40%
44 Defense
1 - 0% - 60%
2 - 0% - 40%
Last Minute Offensive  - 0:00
Last Minute Defensive  - 0:00
Total
Forward - 60:00
Defense - 60:00

Play by Play

1st period


0:01 of 1st period - Jeff Taffe wins face-off versus Kyle Chipchura in neutral zone.
0:04 of 1st period - Emerson Etem is hit by Jeff Taffe.
0:15 of 1st period - Mike Brown beats up Chris Thorburn.
0:15 of 1st period - Penalty to Mike Brown for Fighting.
0:15 of 1st period - Penalty to Chris Thorburn for Fighting.
0:15 of 1st period - Penalty to Mike Brown for instigated a fight.
0:15 of 1st period - Penalty to Mike Brown for instigated a fight.
0:16 of 1st period - Jeff Taffe wins face-off versus Josh Leivo in Falcons zone.
1:03 of 1st period - Kyle Chipchura is hit by Adam Pardy and loses puck.
1:43 of 1st period - Icing by Jeff Taffe.
1:44 of 1st period - Josh Leivo wins face-off versus Jeff Taffe in Falcons zone.
2:15 of 1st period - Penalty to Mike Brown is over, Kenny Ryan is send on ice.
2:28 of 1st period - Snap shot by Kenny Ryan.
2:28 of 1st period - Shot Misses the Net.
2:30 of 1st period - Snap shot by Kenny Ryan.
2:30 of 1st period - Deflect By Colton Orr.
2:30 of 1st period - Stopped by Troy Grosenick with a rebound.
2:32 of 1st period - Backhand shot by Jesse Blacker.
2:32 of 1st period - Shot Misses the Net.
2:34 of 1st period - Snap shot by Tyler Biggs.
2:34 of 1st period - Stopped by Troy Grosenick without a rebound.
2:35 of 1st period - Daine Todd wins face-off versus Jordan Weal in Falcons zone.
2:59 of 1st period - Wrist shot by Daine Todd.
2:59 of 1st period - Stopped by Troy Grosenick without a rebound.
3:00 of 1st period - Jeff Taffe wins face-off versus Kyle Chipchura in Falcons zone.
3:50 of 1st period - Wrist shot by Jeff Taffe.
3:50 of 1st period - Stopped by Jean-Francois Berube with a rebound.
3:56 of 1st period - Jeff Taffe is hit by Josh Leivo and loses puck.
5:13 of 1st period - Wrist shot by Kyle Chipchura.
5:13 of 1st period - Stopped by Troy Grosenick with a rebound.
5:32 of 1st period - Snap shot by Josh Leivo.
5:32 of 1st period - Shot Hit the Post.
6:15 of 1st period - Greg Pateryn is hit by Jeff Hoggan and loses puck.
7:42 of 1st period - Slapshot by Mitch Callahan.
7:42 of 1st period - Stopped by Jean-Francois Berube without a rebound.
7:43 of 1st period - David Broll wins face-off versus Cal O'Reilly in Senators zone.
8:15 of 1st period - Minor Penalty to Adam Pardy for Hooking.
8:16 of 1st period - Carl Klingberg wins face-off versus Kyle Chipchura in Falcons zone.
9:12 of 1st period - Daine Todd is hit by Chad Ruhwedel and loses puck.
9:22 of 1st period - Off-side.
9:23 of 1st period - Carl Klingberg wins face-off versus Martin St. Pierre in neutral zone.
10:15 of 1st period - Penalty to Adam Pardy is over, Adam Pardy is back on ice.
10:21 of 1st period - Mitch Callahan is hit by Korbinian Holzer and loses puck.
11:53 of 1st period - Adam Pardy is hit by David Broll and loses puck.
13:11 of 1st period - Jeff Hoggan is hit by Colton Orr and loses puck.
13:34 of 1st period - Snap shot by Chris Thorburn.
13:34 of 1st period - Stopped by Jean-Francois Berube with a rebound.
13:38 of 1st period - Wrist shot by Philip Varone.
13:38 of 1st period - Shot Blocked by Emerson Etem.
13:40 of 1st period - Snap shot by Philip Varone.
13:40 of 1st period - Stopped by Jean-Francois Berube with a rebound.
13:56 of 1st period - Wrist shot by Matt Ellis.
13:56 of 1st period - Shot Misses the Net.
14:21 of 1st period - Snap shot by Andrew MacWilliam.
14:21 of 1st period - Stopped by Troy Grosenick without a rebound.
14:22 of 1st period - Matt Ellis wins face-off versus Daine Todd in Falcons zone.
14:35 of 1st period - Slapshot by Jeff Taffe.
14:35 of 1st period - Stopped by Jean-Francois Berube with a rebound.
14:37 of 1st period - Wrist shot by Matt Ellis.
14:37 of 1st period - Deflect By Jeff Taffe.
14:37 of 1st period - Shot Misses the Net.
14:37 of 1st period - Puck is out of play.
14:38 of 1st period - Matt Ellis wins face-off versus Colton Orr in Senators zone.
15:03 of 1st period - Snap shot by Jeff Hoggan.
15:03 of 1st period - Shot Misses the Net.
15:09 of 1st period - Minor Penalty to Josh Leivo for Hooking.
15:10 of 1st period - Tyler Biggs wins face-off versus Cal O'Reilly in Senators zone.
15:15 of 1st period - 10 Minutes Misconduct Penalty to Mike Brown is over.
15:18 of 1st period - Off-side.
15:19 of 1st period - Tyler Biggs wins face-off versus Cal O'Reilly in neutral zone.
15:22 of 1st period - Cal O'Reilly is hit by Korbinian Holzer and loses puck.
15:30 of 1st period - Backhand shot by Adam Pardy.
15:30 of 1st period - Stopped by Jean-Francois Berube with a rebound.
15:45 of 1st period - Slapshot by Brian Dumoulin.
15:45 of 1st period - Stopped by Jean-Francois Berube without a rebound.
15:46 of 1st period - Jeff Taffe wins face-off versus David Broll in Senators zone.
17:07 of 1st period - Jesse Blacker is hit by Chris Thorburn and loses puck.
17:09 of 1st period - Penalty to Josh Leivo is over, Josh Leivo is back on ice.
17:42 of 1st period - Minor Penalty to Brian Dumoulin for Interference.
17:43 of 1st period - Kyle Chipchura wins face-off versus Jeff Taffe in Falcons zone.
18:08 of 1st period - Snap shot by Jeff Taffe.
18:08 of 1st period - Stopped by Jean-Francois Berube with a rebound.
18:29 of 1st period - Chad Ruhwedel is hit by Martin St. Pierre and loses puck.
19:16 of 1st period - Chad Ruhwedel is hit by Emerson Etem and loses puck.
19:42 of 1st period - Penalty to Brian Dumoulin is over, Brian Dumoulin is back on ice.
19:59 of 1st period - Minor Penalty to Mitch Callahan for Boarding.
Goals for this period are 0 for Falcons vs 0 for Senators.
Shots for this period are 8 for Falcons vs 5 for Senators.

2nd period


0:01 of 2nd period - Kyle Chipchura wins face-off versus Jeff Taffe in neutral zone.
0:53 of 2nd period - Quinton Howden is hit by Josh Leivo and loses puck.
1:55 of 2nd period - Quinton Howden is hit by Martin St. Pierre and loses puck.
1:59 of 2nd period - Penalty to Mitch Callahan is over, Mitch Callahan is back on ice.
2:00 of 2nd period - Slapshot by Colton Orr.
2:00 of 2nd period - Shot Misses the Net.
3:00 of 2nd period - Jeff Hoggan is hit by Kyle Chipchura.
3:15 of 2nd period - Slapshot by Evan Trupp.
3:15 of 2nd period - Shot Blocked by Carl Klingberg.
3:19 of 2nd period - Wrist shot by Kyle Chipchura.
3:19 of 2nd period - Shot Blocked by Chad Ruhwedel.
3:40 of 2nd period - Snap shot by Steve Eminger.
3:40 of 2nd period - Shot Blocked by Carl Klingberg.
4:03 of 2nd period - Wrist shot by Mike Brown.
4:03 of 2nd period - Shot Blocked by Jeff Hoggan.
4:27 of 2nd period - Slapshot by Radek Martinek.
4:27 of 2nd period - Shot Misses the Net.
4:29 of 2nd period - Snap shot by Philip Varone.
4:29 of 2nd period - Shot Blocked by Korbinian Holzer.
4:31 of 2nd period - Slapshot by Philip Varone.
4:31 of 2nd period - Shot Blocked by Josh Leivo.
4:33 of 2nd period - Snap shot by Philip Varone.
4:33 of 2nd period - Shot Misses the Net.
4:49 of 2nd period - Snap shot by Matt Ellis.
4:49 of 2nd period - Shot Blocked by Josh Leivo.
5:21 of 2nd period - Colton Orr is hit by Brian Dumoulin and loses puck.
6:30 of 2nd period - Adam Pardy is hit by Jesse Blacker and loses puck.
6:43 of 2nd period - Slapshot by Mike Brown.
6:43 of 2nd period - Deflect By Kyle Chipchura.
6:43 of 2nd period - Goal by Kyle Chipchura - Falcons : 0 - Senators : 1.
6:44 of 2nd period - Kyle Chipchura wins face-off versus Jordan Weal in neutral zone.
7:00 of 2nd period - Icing by Greg Pateryn.
7:01 of 2nd period - Jordan Weal wins face-off versus Kyle Chipchura in Senators zone.
7:23 of 2nd period - Cal O'Reilly is hit by Daine Todd and loses puck.
7:34 of 2nd period - Snap shot by Greg Nemisz.
7:34 of 2nd period - Shot Misses the Net.
7:36 of 2nd period - Backhand shot by Daine Todd.
7:36 of 2nd period - Shot Blocked by Quinton Howden.
7:38 of 2nd period - Snap shot by Greg Nemisz.
7:38 of 2nd period - Stopped by Troy Grosenick without a rebound.
7:39 of 2nd period - Daine Todd wins face-off versus Matt Ellis in Falcons zone.
7:52 of 2nd period - Steve Eminger is hit by Matt Ellis and loses puck.
8:56 of 2nd period - Snap shot by Carl Klingberg.
8:56 of 2nd period - Shot Misses the Net.
9:08 of 2nd period - Wrist shot by Jeff Hoggan.
9:08 of 2nd period - Shot Blocked by Mike Brown.
9:10 of 2nd period - Wrist shot by Carl Klingberg.
9:10 of 2nd period - Stopped by Jean-Francois Berube with a rebound.
9:12 of 2nd period - Wrist shot by Jeff Hoggan.
9:12 of 2nd period - Stopped by Jean-Francois Berube with a rebound.
9:14 of 2nd period - Slapshot by Brian Dumoulin.
9:14 of 2nd period - Stopped by Jean-Francois Berube without a rebound.
9:15 of 2nd period - Martin St. Pierre wins face-off versus Jeff Taffe in Senators zone.
9:34 of 2nd period - Wrist shot by Colton Orr.
9:34 of 2nd period - Stopped by Troy Grosenick with a rebound.
9:36 of 2nd period - Slapshot by Jesse Blacker.
9:36 of 2nd period - Stopped by Troy Grosenick with a rebound.
10:02 of 2nd period - Chad Ruhwedel is hit by Greg Nemisz and loses puck.
11:05 of 2nd period - Backhand shot by Philip Varone.
11:05 of 2nd period - Shot Blocked by Korbinian Holzer.
11:07 of 2nd period - Snap shot by Philip Varone.
11:07 of 2nd period - Stopped by Jean-Francois Berube with a rebound.
11:09 of 2nd period - Snap shot by Philip Varone.
11:09 of 2nd period - Shot Blocked by Steve Eminger.
11:35 of 2nd period - Wrist shot by Cal O'Reilly.
11:35 of 2nd period - Stopped by Jean-Francois Berube with a rebound.
11:41 of 2nd period - Snap shot by Mitch Callahan.
11:41 of 2nd period - Stopped by Jean-Francois Berube with a rebound.
11:43 of 2nd period - Slapshot by Cal O'Reilly.
11:43 of 2nd period - Shot Misses the Net.
11:45 of 2nd period - Slapshot by Cal O'Reilly.
11:45 of 2nd period - Goal by Cal O'Reilly - Falcons : 1 - Senators : 1.
11:46 of 2nd period - Martin St. Pierre wins face-off versus Jordan Weal in neutral zone.
12:37 of 2nd period - Chris Thorburn is hit by Daine Todd.
13:22 of 2nd period - Evan Trupp is hit by Quinton Howden and loses puck.
13:48 of 2nd period - Wrist shot by Matt Ellis.
13:48 of 2nd period - Shot Misses the Net.
13:52 of 2nd period - Snap shot by Jeff Taffe.
13:52 of 2nd period - Stopped by Jean-Francois Berube with a rebound.
14:24 of 2nd period - Steve Eminger is hit by Jeff Hoggan and loses puck.
14:38 of 2nd period - Off-side.
14:39 of 2nd period - Jeff Taffe wins face-off versus Kyle Chipchura in neutral zone.
15:00 of 2nd period - Minor Penalty to Emerson Etem for Hooking.
15:01 of 2nd period - Cal O'Reilly wins face-off versus Josh Leivo in Senators zone.
15:37 of 2nd period - Radek Martinek is hit by Kyle Chipchura and loses puck.
16:19 of 2nd period - Mike Brown is hit by Austin Watson and loses puck.
16:46 of 2nd period - Tyler Biggs is hit by Quinton Howden and loses puck.
17:00 of 2nd period - Penalty to Emerson Etem is over, Emerson Etem is back on ice.
17:05 of 2nd period - Snap shot by Chris Thorburn.
17:05 of 2nd period - Shot Blocked by Korbinian Holzer.
17:07 of 2nd period - Slapshot by Austin Watson.
17:07 of 2nd period - Shot Misses the Net.
17:09 of 2nd period - Slapshot by Joonas Jarvinen.
17:09 of 2nd period - Stopped by Jean-Francois Berube with a rebound.
17:50 of 2nd period - David Broll is hit by Jordan Weal.
18:38 of 2nd period - Minor Penalty to Mitch Callahan for Cross-checking.
18:39 of 2nd period - Jeff Taffe wins face-off versus Emerson Etem in Falcons zone.
18:51 of 2nd period - Off-side.
18:52 of 2nd period - Jeff Taffe wins face-off versus Kyle Chipchura in neutral zone.
19:13 of 2nd period - Jeff Taffe is hit by Colton Orr and loses puck.
19:58 of 2nd period - Quinton Howden is hit by Martin St. Pierre and loses puck.
Goals for this period are 1 for Falcons vs 1 for Senators.
Shots for this period are 9 for Falcons vs 4 for Senators.

3rd period


0:01 of 3rd period - Kyle Chipchura wins face-off versus Jeff Taffe in neutral zone.
0:04 of 3rd period - Austin Watson is hit by Steve Eminger and loses puck.
0:17 of 3rd period - Snap shot by Kyle Chipchura.
0:17 of 3rd period - Shot Blocked by Chad Ruhwedel.
0:38 of 3rd period - Penalty to Mitch Callahan is over, Mitch Callahan is back on ice.
0:54 of 3rd period - Jeff Taffe is hit by Colton Orr and loses puck.
1:01 of 3rd period - Wrist shot by Colton Orr.
1:01 of 3rd period - Deflect By Martin St. Pierre.
1:01 of 3rd period - Stopped by Troy Grosenick with a rebound.
1:03 of 3rd period - Slapshot by Greg Pateryn.
1:03 of 3rd period - Shot Blocked by Mitch Callahan.
1:05 of 3rd period - Snap shot by Colton Orr.
1:05 of 3rd period - Stopped by Troy Grosenick with a rebound.
1:07 of 3rd period - Wrist shot by Josh Leivo.
1:07 of 3rd period - Shot Misses the Net.
1:09 of 3rd period - Wrist shot by Colton Orr.
1:09 of 3rd period - Shot Misses the Net.
1:11 of 3rd period - Wrist shot by Colton Orr.
1:11 of 3rd period - Stopped by Troy Grosenick with a rebound.
1:13 of 3rd period - Slapshot by Martin St. Pierre.
1:13 of 3rd period - Stopped by Troy Grosenick with a rebound.
1:15 of 3rd period - Slapshot by Greg Pateryn.
1:15 of 3rd period - Shot Misses the Net.
1:17 of 3rd period - Slapshot by Colton Orr.
1:17 of 3rd period - Shot Misses the Net.
1:19 of 3rd period - Slapshot by Greg Pateryn.
1:19 of 3rd period - Shot Blocked by Chad Ruhwedel.
1:21 of 3rd period - Slapshot by Jesse Blacker.
1:21 of 3rd period - Shot Misses the Net.
1:49 of 3rd period - Carl Klingberg is hit by Greg Nemisz and loses puck.
2:42 of 3rd period - Wrist shot by Kyle Chipchura.
2:42 of 3rd period - Shot Misses the Net.
3:51 of 3rd period - Philip Varone is hit by Kyle Chipchura and loses puck.
4:53 of 3rd period - Wrist shot by Kyle Chipchura.
4:53 of 3rd period - Stopped by Troy Grosenick with a rebound.
5:05 of 3rd period - Minor Penalty to Carl Klingberg for Interference.
5:06 of 3rd period - Martin St. Pierre wins face-off versus Jeff Taffe in Falcons zone.
6:17 of 3rd period - Josh Leivo is hit by Quinton Howden and loses puck.
6:50 of 3rd period - Quinton Howden is hit by Korbinian Holzer and loses puck.
7:03 of 3rd period - Slapshot by Daine Todd.
7:03 of 3rd period - Stopped by Troy Grosenick with a rebound.
7:05 of 3rd period - Penalty to Carl Klingberg is over, Carl Klingberg is back on ice.
7:19 of 3rd period - Daine Todd is hit by Carl Klingberg and loses puck.
7:23 of 3rd period - David Broll beats up Joonas Jarvinen.
7:23 of 3rd period - Penalty to David Broll for Fighting.
7:23 of 3rd period - Penalty to Joonas Jarvinen for Fighting.
7:24 of 3rd period - Jordan Weal wins face-off versus Daine Todd in Senators zone.
7:29 of 3rd period - Wrist shot by Jordan Weal.
7:29 of 3rd period - Stopped by Jean-Francois Berube without a rebound.
7:30 of 3rd period - Daine Todd wins face-off versus Jordan Weal in Senators zone.
7:32 of 3rd period - Minor Penalty to Andrew MacWilliam for Holding Stick.
7:33 of 3rd period - Cal O'Reilly wins face-off versus Josh Leivo in Senators zone.
7:39 of 3rd period - Snap shot by Cal O'Reilly.
7:39 of 3rd period - Shot Misses the Net.
7:41 of 3rd period - Slapshot by Chad Ruhwedel.
7:41 of 3rd period - Stopped by Jean-Francois Berube with a rebound.
7:43 of 3rd period - Slapshot by Chad Ruhwedel.
7:43 of 3rd period - Shot Misses the Net.
8:25 of 3rd period - Steve Eminger is hit by Austin Watson and loses puck.
8:38 of 3rd period - Snap shot by Austin Watson.
8:38 of 3rd period - Shot Misses the Net.
8:44 of 3rd period - Snap shot by Jeff Taffe.
8:44 of 3rd period - Shot Misses the Net.
8:46 of 3rd period - Slapshot by Radek Martinek.
8:46 of 3rd period - Deflect By Kyle Chipchura.
8:46 of 3rd period - Goal by Radek Martinek - Falcons : 2 - Senators : 1.
8:47 of 3rd period - Jordan Weal wins face-off versus Daine Todd in neutral zone.
9:02 of 3rd period - Wrist shot by Greg Nemisz.
9:02 of 3rd period - Stopped by Troy Grosenick with a rebound.
9:16 of 3rd period - Snap shot by Greg Nemisz.
9:16 of 3rd period - Stopped by Troy Grosenick without a rebound.
9:17 of 3rd period - Martin St. Pierre wins face-off versus Jeff Taffe in Falcons zone.
9:44 of 3rd period - Steve Eminger is hit by Chris Thorburn and loses puck.
9:53 of 3rd period - Brian Dumoulin is hit by Martin St. Pierre and loses puck.
10:04 of 3rd period - Brian Dumoulin is hit by Tyler Biggs and loses puck.
10:37 of 3rd period - Greg Pateryn is hit by Quinton Howden and loses puck.
11:13 of 3rd period - Off-side.
11:14 of 3rd period - Daine Todd wins face-off versus Jordan Weal in neutral zone.
11:17 of 3rd period - Carl Klingberg is hit by Tyler Biggs and loses puck.
11:43 of 3rd period - Slapshot by Jordan Weal.
11:43 of 3rd period - Stopped by Jean-Francois Berube with a rebound.
11:55 of 3rd period - Matt Ellis is hit by Martin St. Pierre and loses puck.
12:04 of 3rd period - Snap shot by Josh Leivo.
12:04 of 3rd period - Shot Misses the Net.
12:06 of 3rd period - Snap shot by Josh Leivo.
12:06 of 3rd period - Stopped by Troy Grosenick with a rebound.
12:41 of 3rd period - Mike Brown is hit by Cal O'Reilly and loses puck.
13:10 of 3rd period - Slapshot by Greg Nemisz.
13:10 of 3rd period - Shot Blocked by Brian Dumoulin.
14:19 of 3rd period - Chad Ruhwedel is hit by Jesse Blacker.
14:56 of 3rd period - Wrist shot by Quinton Howden.
14:56 of 3rd period - Shot Blocked by Andrew MacWilliam.
14:58 of 3rd period - Snap shot by Cal O'Reilly.
14:58 of 3rd period - Shot Misses the Net.
15:00 of 3rd period - Snap shot by Quinton Howden.
15:00 of 3rd period - Shot Blocked by Andrew MacWilliam.
15:28 of 3rd period - Tyler Biggs is hit by Austin Watson and loses puck.
15:35 of 3rd period - Wrist shot by Chris Thorburn.
15:35 of 3rd period - Shot Misses the Net.
16:23 of 3rd period - Korbinian Holzer is hit by Matt Ellis and loses puck.
16:30 of 3rd period - Brian Dumoulin is hit by Kyle Chipchura and loses puck.
16:53 of 3rd period - Slapshot by Greg Nemisz.
16:53 of 3rd period - Stopped by Troy Grosenick with a rebound.
17:09 of 3rd period - Chris Thorburn is hit by Colton Orr and loses puck.
18:06 of 3rd period - Minor Penalty to Colton Orr for Roughing.
18:07 of 3rd period - Josh Leivo wins face-off versus Jeff Taffe in Senators zone.
18:41 of 3rd period - David Broll is hit by Quinton Howden and loses puck.
19:32 of 3rd period - Mike Brown is hit by Quinton Howden and loses puck.
19:57 of 3rd period - Mike Brown is hit by Jeff Taffe and loses puck.
Goals for this period are 1 for Falcons vs 0 for Senators.
Shots for this period are 4 for Falcons vs 10 for Senators.


Output by the SimonT Hockey Simulator (STHS) for Eric Dolegowski -- Original Page W3C XHTML 1.0 Valid
Hockey Simulator - Hockey Simulation - Hockey Manager